 Dungeon Crawl Stone Soup version 0.30-a0-719-gcc4359ea44 (webtiles) character file.

Game seed: 9807853223157318546

3186 Absynth the Martial Artist (level 10, -5/70 HPs)
             Began as a Djinni Transmuter on Jan 26, 2023.
             Slain by Joseph
             ... wielding a +6 quarterstaff
              (17 damage)
             ... on level 8 of the Dungeon.
             The game lasted 00:26:24 (8739 turns).

Absynth the Martial Artist (Djinni Transmuter)      Turns: 8739, Time: 00:26:24

Health: -5/70      AC:  2    Str:  9    XL:     10   Next: 16%
Gold:   471        EV: 25    Int: 17    God:
                   SH:  0    Dex: 21

rFire   . . .      SeeInvis .      - Unarmed
rCold   . . .      Faith    .    (shield currently unavailable)
rNeg    . . .      Spirit   .    (body armour currently unavailable)
rPois   ∞          Reflect  .    (helmet currently unavailable)
rElec   .          Harm     .    (cloak currently unavailable)
rCorr   .          Rampage  .    (gloves currently unavailable)
Will    +....                    (boots unavailable)
Stlth   ++                       (no amulet)
HPRegen 0.31/turn                (no ring)
MPRegen 0.00/turn                (no ring)

@: spider-form, flying
A: venomous fangs, flying, sickness immunity, tiny, (fire resistance 2), (cold
vulnerability 1), float, innate caster, HP casting, extra vitality 1
a: End Transformation


You were on level 8 of the Dungeon.
You were a venomous arachnid creature.
You visited 2 branches of the dungeon, and saw 9 of its levels.

You collected 471 gold pieces.

Inventory:

Missiles
 n - 12 poisoned darts
 s - a throwing net
Armour
 a - a +0 robe (melded)
 l - a +0 pair of gloves (melded)
Wands
 r - a wand of flame (28)
 x - a wand of paralysis (6)
Scrolls
 e - a scroll of enchant weapon
 g - 2 scrolls of teleportation
 h - 2 scrolls of identify
 k - a scroll of summoning {unknown}
 p - 2 scrolls of fog {unknown}
 u - a scroll of brand weapon
 v - a scroll of poison {unknown}
 w - a scroll of blinking
Potions
 b - 5 potions of lignification
 c - 3 potions of cancellation {unknown}
 d - 3 potions of heal wounds {unknown}
 f - 2 potions of attraction {unknown}
 i - 2 potions of flight {unknown}
 j - 3 potions of haste
 m - a potion of might {unknown}
 o - 4 potions of curing {unknown}
 q - 4 potions of degeneration {unknown}
 t - 3 potions of mutation {unknown}
 z - 2 potions of brilliance {unknown}


   Skills:
 + Level 5.4 Fighting
 + Level 6.3 Dodging
 * Level 8.5 Unarmed Combat
 * Level 6.2 Spellcasting


You had one spell level left.
You knew the following spells:

 Your Spells              Type           Power      Damage    Failure   Level
a - Beastly Appendage     Tmut           52%        N/A       4%          1
b - Blink                 Tloc           52%        N/A       6%          2
d - Dispel Undead         Necr           26%        3d13      24%         4
f - Dazzling Flash        Conj/Hex       52%        N/A       10%         3
i - Ice Form              Ice/Tmut       26%        N/A       24%         4
s - Spider Form           Tmut/Pois      26%        N/A       10%         3
w - Wereblood             Tmut           26%        N/A       6%          2
z - Necrotise             Necr           100%       1d9       4%          1
Your spell library was empty.

Dungeon Overview and Level Annotations

Branches:
Dungeon (8/15)             Temple (1/1) D:5
   Lair: D:8-11

Altars:
Dithmenos
Elyvilon
Fedhas
Gozag
Hepliaklqana
Nemelex Xobeh
Okawaru
Qazlal
Ru
Uskayaw
Wu Jian
Yredelemnul
Zin

Shops:
D:3 :   D:5 (

Annotations:
D:5 2 transporters
D:7 3 runed translucent doors, Noname's ghost, novice VSRe
D:8 3 runed translucent doors, exclusions: acid dragon and manticore, Ge0ff's ghost, novice DECA; Joseph


Innate Abilities, Weirdness & Mutations

You are a venomous arachnid creature.
You have venomous fangs.
You are tiny and dextrous.
You are flying.
Your spellcasting is less reliable in this form.
Your armour is entirely melded.
You are incapable of wielding weapons or throwing items.
You are immune to sickness and miasma.
You are immune to poison.
((Your flesh is very heat resistant. (rF++)))
((You are vulnerable to cold. (rC-)))
You float through the air rather than walking.
You learn spells naturally, not from books.
Your magical power is your life essence.
You have superior vitality. (+4 MHP)


Message History

The cyclops shouts!
w - a scroll of blinking The orc warrior shouts!
Joseph, a Mercenary comes into view.
He is wielding a +6 quarterstaff.
Ge0ff's ghost says, "Don't worry, you'll be warm in a moment."
Found an encrusted ivory wand.
Joseph shouts!
Joseph unwields a +6 quarterstaff.
Joseph wields a +0 sling.
Joseph shoots a sling bullet.
The sling bullet closely misses you.
Casting: Ice Form (dangerous; 10% risk of failure)
Confirm with . or Enter, or press ? or * to list all spells.
You turn into a venomous arachnid creature.
Your +0 pair of gloves melds into your body.
Your +0 robe melds into your body.
Joseph shoots a sling bullet.
The sling bullet closely misses you.
Joseph unwields a +0 sling.
Joseph wields a +6 quarterstaff.
Joseph hits you with a +6 quarterstaff!
You hit Joseph but do no damage.
Joseph is poisoned.
Joseph hits you with a +6 quarterstaff!!
* * * LOW HITPOINT WARNING * * *
You hit Joseph but do no damage. Joseph barely misses you.
You bite Joseph!
Joseph looks as sick as possible!
Joseph is lightly wounded.
You hit Joseph.
Joseph looks as sick as possible!
Joseph is lightly wounded.
Joseph tries to grin evilly.
Joseph hits you with a +6 quarterstaff!
* * * LOW HITPOINT WARNING * * *
You barely miss Joseph.
Joseph is moderately wounded.
Joseph closely misses you.
Okay, then.
Casting: Spider Form (dangerous; 10% risk of failure)
Confirm with . or Enter, or press ? or * to list all spells.
Casting: Dazzling Flash (dangerous; 10% risk of failure)
Press: ? - help, Dir - look around, f - activate Joseph is dazzled.
* * * LOW HITPOINT WARNING * * *
Joseph hits you with a +6 quarterstaff!
You die...

#'#'##....#####
#.#.##........#
..............#
..............#
.#########....#
.#......C#....#
.#..###.D#....####
.#.. #oW+.......#
.#./ ...o+..#.##s#
.#.$###.z+..#.##@#
.#..# #..#..#.##.#
.# ....#..#'##.#
.# #####.@.....#
... .../.....# .
.........#
.###.....# #.....#


You could see Joseph (blind, extremely poisoned).

Vanquished Creatures
  Amaemon (D:7)
  An orange demon (D:8)
  Grinder (D:4)
  A steam dragon (D:8)
  A water moccasin (D:6)
  3 ice beasts
  3 orc warriors
  A black bear (D:4)
  An ogre (D:6)
  2 phantoms
  A kobold brigand (D:6)
  A bullfrog (D:7)
  A necrophage (D:7)
  A gnoll sergeant (D:8)
  A scorpion (D:5)
  3 wights (D:7)
  A howler monkey (D:5)
  2 hounds
  3 iguanas
  2 jellies (D:6)
  An orc wizard (D:3)
  14 gnolls
  8 adders
  A shadow imp (D:5)
  3 ufetubi (D:5)
  3 worms
  2 dart slugs
  13 orcs
  6 endoplasms
  2 giant cockroaches (D:4)
  6 goblins
  3 hobgoblins
  5 quokkas
  5 ball pythons
  4 bats
  10 frilled lizards
  13 kobolds
  5 rats
  A spectral goblin (D:7)
  A butterfly (D:5)
137 creatures vanquished.

Vanquished Creatures (others)
  8 plants (D:1)
8 creatures vanquished.

Grand Total: 145 creatures vanquished

Notes
Turn   | Place    | Note
-------+----------+-------------------------------------------
     0 | D:1      | Absynth the Djinni Transmuter began the quest for the Orb.
     0 | D:1      | Absynth set off with the following spells memorised:
                  | Beastly Appendage, Wereblood, Spider Form, Ice Form.
     0 | D:1      | Reached XP level 1. HP: 17/17 MP: 0/0
   154 | D:1      | Reached XP level 2. HP: 21/22 MP: 0/0
   891 | D:2      | Reached XP level 3. HP: 19/27 MP: 0/0
   891 | D:2      | Learned a level 1 spell: Necrotise
  1397 | D:3      | Reached XP level 4. HP: 29/32 MP: 0/0
  1436 | D:3      | Found an iron altar of Okawaru.
  1906 | D:3      | Found Sanoz's Vocational Training.
  2211 | D:3      | Found a sparkling altar of Nemelex Xobeh.
  2253 | D:3      | Reached XP level 5. HP: 38/38 MP: 0/0
  2253 | D:3      | Learned a level 2 spell: Blink
  2254 | D:3      | Reached skill level 4 in Unarmed Combat
  2984 | D:4      | Noticed an ogre
  3018 | D:3      | Reached XP level 6. HP: 7/43 MP: 0/0
  3743 | D:4      | Noticed Grinder
  3743 | D:4      | Noticed a black bear
  3763 | D:4      | Paralysed by Grinder for 3 turns
  3781 | D:4      | Killed Grinder
  3782 | D:4      | Reached skill level 5 in Unarmed Combat
  3782 | D:4      | Reached XP level 7. HP: 28/49 MP: 0/0
  3782 | D:4      | Learned a level 3 spell: Dazzling Flash
  4069 | D:5      | Entered Level 5 of the Dungeon
  4069 | D:5      | Found Joatoora's Weapon Shop.
  4219 | D:5      | Found a staircase to the Ecumenical Temple.
  4224 | Temple   | Entered the Ecumenical Temple
  4725 | D:5      | Reached XP level 8. HP: 42/56 MP: 0/0
  4775 | D:5      | Found a transporter.
  4793 | D:5      | Found a transporter.
  5329 | D:6      | Reached skill level 6 in Unarmed Combat
  5993 | D:6      | Reached skill level 5 in Dodging
  5993 | D:6      | Reached XP level 9. HP: 62/62 MP: 0/0
  5993 | D:6      | Learned a level 4 spell: Dispel Undead
  6189 | D:6      | Found a blossoming altar of Fedhas.
  6208 | D:6      | Reached skill level 7 in Unarmed Combat
  6208 | D:6      | Reached skill level 5 in Spellcasting
  6470 | D:6      | Found a hide-covered altar of Uskayaw.
  6604 | D:7      | Found an ornate altar of the Wu Jian Council.
  7268 | D:7      | Found a hazy altar of Hepliaklqana.
  7623 | D:7      | Found a runed translucent gate.
  7623 | D:7      | Found a runed translucent gate.
  7629 | D:7      | Found a runed translucent gate.
  7630 | D:7      | Noticed a spectral unseen horror
  7866 | D:7      | Noticed Noname's ghost (novice VSRe)
  7902 | D:8      | Noticed an orange demon
  7902 | D:8      | Noticed Amaemon
  8054 | D:7      | Killed Amaemon
  8055 | D:7      | Reached skill level 5 in Fighting
  8055 | D:7      | Reached skill level 8 in Unarmed Combat
  8264 | D:8      | Killed an orange demon
  8265 | D:8      | Reached XP level 10. HP: 55/70 MP: 0/0
  8540 | D:8      | Noticed a manticore
  8605 | D:8      | Noticed Ge0ff's ghost (novice DECA)
  8690 | D:8      | Found a runed translucent gate.
  8690 | D:8      | Found a runed translucent gate.
  8691 | D:8      | Found a runed translucent gate.
  8693 | D:8      | Noticed a cyclops
  8709 | D:8      | Noticed Joseph
  8739 | D:8      | Slain by Joseph

Illustrated notes

Levels and vault maps discovered:
D:1:      evilmike_arrival_crescent, layout_basic, serial_forest,
          infiniplex_forest_straight_3, infiniplex_forest_clump_small,
          infiniplex_forest_clump_long, infiniplex_forest_straight_5,
          infiniplex_forest_straight_2, infiniplex_forest_end_3,
          minmay_lizard_king
D:2:      layout_rooms, chequers_decorated_corner
D:3:      minmay_octagon_keep, layout_loops_corners,
          mainiacjoe_overflow_concentric_impassable,
          mainiacjoe_overflow_tiny_flanked, nicolae_shop_vocational
D:4:      layout_basic, kennysheep_generic_room_9, uniq_grinder
D:5:      gammafunk_wand_slinger, layout_basic, minmay_temple_entry_butterflies,
          serial_shops, nicolae_stop_n_shop_2
D:6:      layout_cave_pools, mainiacjoe_overflow_alcove_1, kennysheep_mini
D:7:      layout_layer_cave, lemuel_blue_sif_altar,
          nicolae_hepliaklqana_monster_ancestors, kennysheep_little_box,
          gammafunk_ghost_necromancy
D:8:      layout_basic, grunt_temple_overflow_champion_of_chaos,
          tso_oasis_becter, gammafunk_ghost_split, minmay_chambers_of_fives,
          uniq_joseph, uniq_amaemon
Temple:   nicolae_temple_bog_church

Skill      XL: |  1  2  3  4  5  6  7  8  9 |
---------------+----------------------------+-----
Spellcasting   | 2 3 4 6 |  6.2
Unarmed Combat | 4 5 6 8 |  8.5
Fighting       | 2 3 4 5 |  5.4
Dodging        | 3 4 5 6 |  6.3

Action                     |  1- 3 |  4- 6 |  7- 9 | 10-12 || total
---------------------------+-------+-------+-------+-------++-------
  Melee: Unarmed           |   128 |   143 |   245 |    22 ||   538
         Headbutt          |    11 |    10 |     1 |       ||    22
         Punch             |     2 |     3 |     1 |       ||     6
   Cast: Beastly Appendage |    21 |    13 |     3 |       ||    37
         Wereblood         |     1 |     1 |       |     1 ||     3
         Spider Form       |       |    10 |    26 |     2 ||    38
         Ice Form          |       |       |     5 |     1 ||     6
         Dazzling Flash    |       |       |       |     1 ||     1
    Use: Scroll            |       |       |    11 |       ||    11
         Potion            |       |       |     1 |       ||     1
   Stab: Sleeping          |     1 |     1 |       |       ||     2
         Distracted        |       |       |     1 |       ||     1
 Armour: Robe              |    22 |    13 |    14 |       ||    49
         Skin              |       |     2 |    18 |     1 ||    21
  Dodge: Dodged            |    76 |   100 |   221 |    12 ||   409

Table legend: (Time is in decaauts)
 A = Elapsed time spent in this place.
 B = Non-inter-level travel time spent in this place.
 C = Inter-level travel time spent in this place.
 D = Time resting spent in this place.
 E = Time spent auto-exploring this place.
 F = Levels seen in this place.
 G = Mean time per level.
                   A        B        C        D        E       F      G
               +--------+--------+--------+--------+--------+-----+--------+
         Total |   8679 |   8468 |    211 |   1615 |   5078 |   9 |  964.3 |
       Dungeon |   8525 |   8333 |    192 |   1615 |   4956 |   8 | 1065.6 |
        Temple |    154 |    135 |     19 |      0 |    122 |   1 |  154.0 |
               +--------+--------+--------+--------+--------+-----+--------+

Top non-repeatable levels by time:
     D:7: 1663 daAuts
     D:3: 1461 daAuts
     D:5: 1390 daAuts
     D:4: 1043 daAuts
     D:2: 945 daAuts
     D:6: 778 daAuts
     D:1: 742 daAuts
     D:8: 500 daAuts
  Temple: 154 daAuts
